 Dungeon Crawl Stone Soup version 0.31-a0-174-g85c54bcb58 (webtiles) character file.

Game seed: 715680134097456229

53 qw the Shooter (level 3, -4/23 HPs)
             Began as a Gargoyle Hunter on June 15, 2023.
             Slain by an orc
             ... wielding a +0 war axe
              (7 damage)
             ... on level 2 of the Dungeon.
             The game lasted 00:00:24 (854 turns).

qw the Shooter (Gargoyle Hunter)                     Turns: 854, Time: 00:00:24

Health: -4/23      AC:  4    Str: 14    XL:     3   Next: 89%
Magic:  3/3        EV: 12    Int:  9    God:
Gold:   36         SH:  0    Dex: 15    Spells: 2/2 levels left

rFire   . . .        Y - +0 shortbow
rCold   . . .        (shield currently unavailable)
rNeg    + . .        (no body armour)
rPois   inf          f - +0 helmet
rElec   +            (no cloak)
rCorr   .            (no gloves)
SInv    .            (no boots)
Will    .....        (no amulet)
Stlth   ++           (no ring)
HPRegen 0.23/turn    (no ring)
MPRegen 0.08/turn

%: no passive effects
@: no status effects
A: sickness immunity, AC +3, negative energy resistance 1, electricity
resistance, torment resistance 1, petrification resistance
a: no special abilities


You were on level 2 of the Dungeon.
You visited 1 branch of the dungeon, and saw 2 of its levels.

You collected 36 gold pieces.


Innate Abilities, Weirdness & Mutations

You are immune to sickness and miasma.
Your stone body is resilient. (AC +3)
You are immune to poison.
You resist negative energy. (rN+)
You are resistant to electric shocks. (rElec)
You are resistant to unholy torment.
You are immune to petrification.


   Skills:
 - Level 3.0 Fighting
 + Level 5.0 Ranged Weapons
 - Level 1.5 Dodging
 - Level 1.1 Stealth


You had 2 spell levels left.
You didn't know any spells.
Your spell library was empty.

Inventory:

Hand Weapons
 Y - a +0 shortbow (weapon)
Armour
 a - a +0 ring mail
 c - a +0 leather armour
 f - a +0 helmet (worn)
Jewellery
 d - a ring of see invisible
 h - a +6 ring of strength
Potions
 b - a potion of berserk rage {unknown}
 e - a potion of magic {unknown}
 g - 2 potions of curing {unknown}

Dungeon Overview and Level Annotations

Branches:
Dungeon (2/15)

Altars:


Message History

You shoot an arrow. The arrow hits the hobgoblin!
You kill the hobgoblin!
You see here a hobgoblin corpse.
There is a stone staircase leading down here.
There is an open door here. 2 orcs and a kobold come into view.
An orc is wielding a +4 antimagic hand axe.
The orc shouts!
You hear a shout!
An orc comes into view. It is wielding a +0 club.
Enter note:
Enter note:
Enter note:
There are monsters nearby!
845 ||| UPGRADING to +0 ring mail.
You start removing your armour.
You continue taking off your +0 leather armour.
The kobold shouts!
You stop removing your armour.
847 ||| UPGRADING to +0 ring mail.
The orc shouts!
You start removing your armour.
You continue taking off your +0 leather armour. x3
The orc misses you.
You continue taking off your +0 leather armour.
The orc hits you but does no damage. x2
The kobold hits you with a +0 short sword.
You finish taking off your +0 leather armour.
You shoot an arrow. The arrow barely misses the orc.
You hear a shout!
The orc hits you with a +0 club. The orc hits you with a +0 war axe.
The kobold hits you but does no damage.
You shoot an arrow.
The arrow hits the orc but does no damage.
The orc hits you with a +0 club. The orc hits you with a +0 war axe.
The kobold completely misses you. The orc barely misses you.
The orc hits you with a +0 war axe. The kobold closely misses you.
You shoot an arrow. The arrow hits the orc.
The orc is heavily wounded.
The orc barely misses you. The orc hits you with a +0 war axe!
You die...

..#.#####....)#.#.#..............
.....####....##.#.##.............
#.##........###.#.###............
..##.#.##..## ##.## ##..<########
..........## #'# ##..#
#.#......## ##.## ##.# ...#.#...#
#.#.# #.# .........# ##.## #.#
..##..#.## #@# #.########
#)##.#..##....#ooK#....#.........
.........#....#'.'#....#.####..#.
##########.8^..#.#...8.#.........
# ##..###.###..##..###..## # ###
.#. ####..#....#. # # #
#.)###..#. # #.........
#..###..##


You could see 2 orcs and a kobold.

Vanquished Creatures
  2 dart slugs
  4 ball pythons
  2 bats
  5 endoplasms
  A giant cockroach (D:2)
  3 goblins
  7 hobgoblins
  6 jackals
  3 kobolds
  5 frilled lizards
  5 rats (D:1)
43 creatures vanquished.

Notes
Turn   | Place    | Note
-------+----------+-------------------------------------------
     0 | D:1      | qw the Gargoyle Hunter began the quest for the Orb.
     0 | D:1      | Reached XP level 1. HP: 12/12 MP: 1/1
     0 | D:1      | 0 ||| qw: Version: 0.2-a-29-g511e9b1
     0 | D:1      | 0 ||| qw: Game counter: 5301
     0 | D:1      | 0 ||| qw: Always use a shield: true
     0 | D:1      | 0 ||| qw: God list: Okawaru
     0 | D:1      | 0 ||| qw: Allow faded altars: false
     0 | D:1      | 0 ||| qw: Do Orc after D:15 true
     0 | D:1      | 0 ||| qw: Do second Lair branch before Depths: true
     0 | D:1      | 0 ||| qw: Lair rune preference: random
     0 | D:1      | 0 ||| qw: Plans: Normal, Zot:1-4, Slime:5, God:TSO, Crypt,
                  | Tomb, Abyss, Pan, Hells, Win
     0 | D:1      | 0 ||| PLANNING D:1-11
    61 | D:1      | Reached XP level 2. HP: 17/17 MP: 2/2
   257 | D:1      | Reached XP level 3. HP: 21/21 MP: 3/3
   274 | D:1      | Reached skill level 5 in Ranged Weapons
   388 | D:1      | 388 ||| UPGRADING to +0 helmet.
   393 | D:1      | 393 ||| READING 2 scrolls labelled MOIRHI ATILL.
   394 | D:1      | 394 ||| DROPPING scroll of noise.
   395 | D:1      | 395 ||| DROPPING scroll of butterflies.
   717 | D:2      | Reached skill level 3 in Fighting
   845 | D:2      | 845 ||| UPGRADING to +0 ring mail.
   847 | D:2      | 847 ||| UPGRADING to +0 ring mail.
   853 | D:2      | HP: 3/23 [orc/+0 war axe (4)]
   854 | D:2      | Slain by an orc

Levels and vault maps discovered:
D:1:      mrwooster_arrival_statue_3, layout_rooms
D:2:      layout_basic, minmay_misc_feat_nine_boxes,
          hangedman_abyss_or_decor_lesser_grid, wad_orctagon

Skill      XL: |  1  2  3 |
---------------+----------+-----
Ranged Weapons | 5 |  5.0
Fighting       | 3 |  3.0
Dodging        | |  1.5
Stealth        | |  1.1

Action                     || total
---------------------------++-------
   Fire: Shortbow          ||    99
    Use: Scroll            ||     1
 Armour: Leather armour    ||    11
         Skin              ||     1
  Dodge: Dodged            ||    27

Table legend:
 A = Non-vault XP
 B = Vault XP
 C = Vault XP percentage of total XP
 D = Non-vault monster count
 E = Vault monster count
 F = Vault count percentage of total count
                 A         B        C        D         E       F
            +---------+---------+-------+---------+---------+-------
      Total |      77 |       0 |   0.0 |      43 |       0 |   0.0
            +---------+---------+-------+---------+---------+-------
        D:1 |      40 |       0 |   0.0 |      24 |       0 |   0.0
        D:2 |      37 |       0 |   0.0 |      19 |       0 |   0.0
            +---------+---------+-------+---------+---------+-------
